 Dungeon Crawl Stone Soup version 0.19-a0-1019-g9c6a58d (webtiles) character file.

4865 4thArraOfDagon the Grappler (level 10, -4/88 HPs)
             Began as a Troll Abyssal Knight on July 25, 2016.
             Was a Priest of Lugonu.
             Slain by a troll (12 damage)
             ... on level 1 of the Orcish Mines.
             The game lasted 00:17:29 (3642 turns).

4thArraOfDagon the Grappler (Troll Abyssal Knight)  Turns: 3642, Time: 00:17:30

Health: -4/88      AC:  7    Str: 22    XL:     10   Next: 26%
Magic:  13/14      EV:  9    Int: 13    God:    Lugonu [***...]
Gold:   872        SH:  9    Dex:  9    Spells: 0 memorised, 9 levels left

rFire  . . .     SeeInvis .       - Unarmed
rCold  + . .     Gourm    +     u - +1 robe {MR+}
rNeg   . . .     Faith    +     x - +0 shield
rPois  .         Spirit   .     (helmet restricted)
rElec  +         Dismiss  .     I - +0 cloak {MR+}
rCorr  .         Reflect  .     (gloves unavailable)
SustAt .         Harm     .     (boots unavailable)
MR     ++...                    y - amulet of faith
Stlth  +.........               C - ring of protection from cold
                                f - ring of wizardry

@: very resistant to hostile enchantments, very unstealthy
A: unfitting armour, claws 3, clever 1, fast metabolism 3, gourmand,
regeneration 2, shaggy fur 1, electricity resistance, tough skin 2
a: Depart the Abyss, Bend Space, Banish, Renounce Religion


You were on level 1 of the Orcish Mines.
You worshipped Lugonu.
Lugonu was most pleased with you.
You were full.

You visited 2 branches of the dungeon, and saw 14 of its levels.
You visited the Abyss 1 time.

You collected 1101 gold pieces.
You spent 229 gold pieces at shops.

Inventory:

Hand Weapons
 d - a +0 scythe
Missiles
 l - 6 javelins (quivered)
 n - 3 large rocks
 p - 2 curare-tipped needles
Armour
 a - a +0 robe
 u - a +1 robe of magic resistance (worn)
 x - a +0 shield (worn)
 I - a +0 cloak of magic resistance (worn)
Jewellery
 f - a ring of wizardry (left claw)
 y - an amulet of faith (around neck)
 C - a ring of protection from cold (right claw)
Wands
 g - a wand of iceblast (3/15)
 v - a wand of digging (5/24)
 E - a wand of polymorph (15/24)
 G - a wand of disintegration (14/24)
Scrolls
 e - 2 scrolls of identify
 h - 2 scrolls of noise {unknown}
 i - a scroll of blinking {unknown}
 j - 2 scrolls of recharging {unknown}
 m - a scroll of enchant weapon {unknown}
 o - 2 scrolls of enchant armour {unknown}
 q - 5 scrolls of teleportation {unknown}
 s - 3 scrolls of remove curse {unknown}
 t - a scroll of vulnerability {unknown}
 w - a scroll of fear {unknown}
 A - a scroll of immolation {unknown}
Potions
 k - a potion of flight
 r - a potion of magic {unknown}
 z - a potion of haste
 B - a potion of heal wounds {unknown}
 D - 2 potions of degeneration {unknown}
 F - a potion of curing
 H - 2 potions of resistance
Comestibles
 b - 7 bread rations
 c - 4 meat rations


   Skills:
 - Level 2.5 Fighting
 - Level 2.0 Dodging
 + Level 5.4 Shields
 * Level 11.1 Unarmed Combat
 + Level 7.4 Invocations


You had 9 spell levels left.
You didn't know any spells.

Dungeon Overview and Level Annotations

Branches:
Dungeon (12/15)            Temple (0/1) D:4            Lair (0/6) D:10
    Orc (2/2) D:11            Elf (0/3) Orc:2

Altars:
Fedhas
Kikubaaqudgha
Nemelex Xobeh
Pakellas
Trog
Zin
Beogh

Shops:
D:6 [   Orc:1 [

Annotations:
D:8 Erica
D:12 Josephine


Innate Abilities, Weirdness & Mutations

You are too large for most types of armour.
You have claws for hands.
Your metabolism is lightning-fast.
You like to eat raw meat.
You heal very quickly.
You are covered in fur. (AC +1)
You have very tough skin. (AC +2)
Your mind is acute. (Int +2)
You are resistant to electric shocks. (rElec)


Message History

You barely miss the troll.
The troll is heavily wounded.
Your shield prevents you from hitting the troll.
The troll is heavily wounded.
The troll bites you! You block the troll's attack. x2
You closely miss the troll.
The troll is heavily wounded.
You block the troll's attack. The troll claws you!
* * * LOW HITPOINT WARNING * * *
The troll barely misses you.
You are too injured to fight recklessly!
You are too injured to fight recklessly!
You are too injured to fight recklessly!
You are too injured to fight recklessly!
You are too injured to fight recklessly!
You are too injured to fight recklessly!
The troll bites you!
* * * LOW HITPOINT WARNING * * *
The troll claws you!
You die...

....## ### .....# ########.###
.#...## ##..##.#....## ....#.##
#............## .......#
##............# ......## ###
###............### ......#
##.###......#....#.##.#
..._..#####...#..T.....#.........
........##....##@.[>.......#....#
.............#....)....#........#
.....#......#..........###.......
..#.####.........)....#.#....##..
...## #..........[.......#.######
..## ##.........[...........#.#.
.## #..........................
## ##......................... #
###.###......#......##....


You could see a troll.

Vanquished Creatures
  A cyclops (D:8)
  A wraith (D:11)
  Menkaure (D:4)
  2 wargs (Orc:1)
  6 orc warriors
  2 ogres
  A centaur (D:9)
  5 giant frogs
  A water moccasin skeleton (D:9)
  2 scorpions
  5 wights (D:8)
  A crimson imp (D:5)
  2 orc priests (D:9)
  2 giant frog skeletons
  4 iguanas
  A centaur skeleton (D:7)
  6 orc wizards
  6 worker ants
  4 sheep
  4 gnolls (D:3)
  4 adders
  A howler monkey skeleton (D:7)
  A shadow imp (D:5)
  2 oozes
  An adder skeleton (D:8)
  3 dart slugs
  2 giant geckos
  23 orcs
  A ball python (D:1)
  2 bats
  4 giant cockroaches
  5 goblins
  3 hobgoblins
  10 jackals
  3 quokkas
  2 giant newts
  6 kobolds
  3 rats (D:1)
133 creatures vanquished.

Vanquished Creatures (others)
  An orc warlord (Orc:1)
  An ugly thing (D:11)
  A troll (Orc:1)
  A wraith (D:11)
  2 orc warriors
  5 fungi (Orc:2)
11 creatures vanquished.

Grand Total: 144 creatures vanquished

Notes
Turn   | Place    | Note
-------+----------+-------------------------------------------
     0 | Abyss:1  | 4thArraOfDagon the Troll Abyssal Knight began the quest for the Orb.
     0 | Abyss:1  | Reached XP level 1. HP: 22/22 MP: 1/1
    99 | Abyss:1  | Noticed a giant orange brain
   120 | Abyss:2  | Found a viscous altar of Jiyva.
   132 | Abyss:2  | Noticed a large abomination
   188 | Abyss:3  | Noticed a large abomination
   201 | Abyss:3  | Noticed an insubstantial wisp
   202 | Abyss:3  | Noticed a demonic crawler
   203 | Abyss:3  | Noticed a large abomination
   211 | Abyss:3  | Noticed a starcursed mass
   215 | Abyss:3  | Noticed a spatial vortex
   216 | Abyss:3  | Noticed a spatial vortex
   216 | Abyss:3  | Noticed a spatial vortex
   216 | Abyss:3  | Noticed a spatial vortex
   217 | Abyss:3  | Noticed a spatial maelstrom
   221 | D:1      | Escaped the Abyss
   324 | D:2      | Reached XP level 2. HP: 28/29 MP: 2/2
   326 | D:2      | Reached * piety under Lugonu
   576 | D:3      | Found a faded altar of an unknown god.
   658 | D:3      | Reached skill level 3 in Unarmed Combat
   658 | D:3      | Reached XP level 3. HP: 36/36 MP: 3/3
   689 | D:3      | Found a blossoming altar of Fedhas.
   695 | D:3      | Found an ancient bone altar of Kikubaaqudgha.
   753 | D:3      | Reached ** piety under Lugonu
   845 | D:3      | Reached XP level 4. HP: 44/44 MP: 4/4
   860 | D:3      | Reached skill level 4 in Unarmed Combat
   928 | D:4      | Noticed Menkaure
   938 | D:5      | Entered Level 5 of the Dungeon
   956 | D:5      | Reached XP level 5. HP: 47/50 MP: 4/6
   987 | D:5      | Noticed an ice beast
   989 | D:4      | Found a staircase to the Ecumenical Temple.
  1015 | D:4      | Reached skill level 5 in Unarmed Combat
  1090 | D:4      | Reached XP level 6. HP: 49/59 MP: 7/7
  1173 | D:4      | Killed Menkaure
  1240 | D:6      | Found Pityceet's Antique Armour Boutique.
  1243 | D:6      | Bought a shield for 117 gold pieces
  1290 | D:6      | Found a bloodstained altar of Trog.
  1293 | D:6      | Found a glowing silver altar of Zin.
  1338 | D:7      | Found a sparkling altar of Nemelex Xobeh.
  1384 | D:6      | Noticed an orc warrior
  1413 | D:7      | Reached skill level 6 in Unarmed Combat
  1522 | D:6      | Noticed a slave
  1523 | D:6      | Noticed a slave
  1525 | D:6      | Noticed a slave
  1537 | D:7      | Reached XP level 7. HP: 66/66 MP: 7/9
  1575 | D:8      | Reached *** piety under Lugonu
  1678 | D:8      | Noticed Erica
  1708 | D:8      | HP: 2/66 [poisoned by Erica (bolt of poison)]
  1710 | D:8      | Gained mutation: You are resistant to electric shocks. (rElec) [potion of mutation]
  1710 | D:8      | Gained mutation: Your mind is acute. (Int +2) [potion of mutation]
  1723 | D:8      | Reached skill level 1 in Shields
  1737 | D:8      | Noticed a cyclops
  1751 | D:8      | jacquesderrida: reeeeeeeeeeeeeeeeeeeeeeee
  1752 | D:8      | Killed a cyclops
  1752 | D:8      | Reached skill level 7 in Unarmed Combat
  1752 | D:8      | Reached XP level 8. HP: 26/74 MP: 10/10
  1850 | D:8      | Reached skill level 5 in Invocations
  1995 | D:8      | Reached skill level 8 in Unarmed Combat
  2304 | D:9      | Reached skill level 9 in Unarmed Combat
  2329 | D:9      | Reached XP level 9. HP: 73/80 MP: 12/12
  2398 | D:10     | Entered Level 10 of the Dungeon
  2398 | D:10     | Found a staircase to the Lair.
  2398 | D:10     | Noticed an elephant
  2582 | D:11     | Noticed a cyan ugly thing
  2584 | D:11     | Banished a cyan ugly thing
  2626 | D:12     | Noticed Josephine
  2626 | D:12     | Noticed a cyclops
  2731 | D:11     | Found an oddly glowing altar of Pakellas.
  2768 | D:11     | Found a staircase to the Orcish Mines.
  2792 | Orc:1    | Entered Level 1 of the Orcish Mines
  2792 | Orc:1    | Found Fytsucef's Antique Armour Emporium.
  2932 | Orc:1    | Reached skill level 10 in Unarmed Combat
  2972 | Orc:1    | Bought a glowing cloak for 112 gold pieces
  2977 | Orc:1    | Noticed a troll
  2992 | Orc:1    | Banished a troll
  3070 | Orc:1    | Found a roughly hewn altar of Beogh.
  3284 | Orc:2    | Entered Level 2 of the Orcish Mines
  3294 | Orc:2    | Noticed a troll
  3296 | Orc:1    | Reached **** piety under Lugonu
  3362 | Orc:2    | Found a staircase to the Elven Halls.
  3569 | Orc:2    | Noticed an orc sorcerer
  3569 | Orc:2    | Noticed an orc warlord
  3570 | Orc:2    | Noticed a troll
  3572 | Orc:1    | Banished an orc warlord
  3572 | Orc:1    | Reached skill level 5 in Shields
  3572 | Orc:1    | Reached XP level 10. HP: 44/88 MP: 14/14
  3617 | Orc:2    | Noticed an orc warlord
  3621 | Orc:2    | Banished an orc warlord
  3621 | Orc:2    | Reached skill level 11 in Unarmed Combat
  3642 | Orc:1    | Slain by a troll

Vault maps used:
D:1:      sevenhm_arrival_forest_fort_large_1, minmay_octomino_c4
D:3:      grunt_temple_overflow_growth_and_decay, ecumenical_altar_1
D:4:      first_bread, uniq_menkaure
D:5:      overflow_temple_1_default, gammafunk_temple_overflow_statue,
          lemuel_blue_sif_altar
D:6:      grunt_temple_overflow_cloverleaf, serial_shops, kennysheep_mini_moat,
          uniq_pikel, uniq_prince_ribbit1
D:7:      lemuel_doored_altar
D:8:      uniq_erica
D:10:     david_lair_generic
D:11:     orc_0_dummy, grunt_tengu_nest, grunt_pakellas_mercury
D:12:     special_room, basic_altar, uniq_harold, uniq_josephine, uniq_psyche,
          uniq_sonja
Orc:1:    serial_shops, shop, basic_altar
Orc:2:    grunt_orc_gardens, grunt_orc_garden, grunt_orc_garden,
          grunt_orc_garden, grunt_orc_garden, special_room
Abyss:2:  evilmike_abyss_exit_smiterflies
Abyss:3:  grunt_abyss_rune_forest_and_sorcery

Skill      XL: |  1  2  3  4  5  6  7  8  9 10 |
---------------+-------------------------------+-----
Dodging        | 2 |  2.0
Unarmed Combat | 3 4 5 6 7 9 10 11 | 11.1
Invocations    | 2 3 4 5 7 |  7.4
Shields        | 2 3 5 |  5.4
Fighting       | |  2.5

Action                   |  1- 3 |  4- 6 |  7- 9 | 10-12 || total
-------------------------+-------+-------+-------+-------++-------
Melee: Unarmed           |   104 |   110 |   275 |     8 ||   497
       Punch             |       |     2 |       |       ||     2
Throw: Javelin           |       |       |     4 |     1 ||     5
Invok: Depart the Abyss  |     1 |       |       |       ||     1
       Banish            |       |       |    10 |     2 ||    12
  Use: Potion            |       |       |     8 |       ||     8
       Scroll            |       |       |     4 |       ||     4
 Stab: Sleeping          |       |       |     5 |       ||     5
       Invisible         |       |       |     1 |       ||     1
  Eat: Chunk             |    13 |     3 |    17 |       ||    33
       Royal jelly       |       |     1 |     2 |       ||     3
       Beef jerky        |       |       |     1 |       ||     1
       Fruit             |       |       |     2 |       ||     2
Armor: Robe              |    38 |    30 |    41 |     4 ||   113
Dodge: Dodged            |    65 |    52 |    80 |     4 ||   201
Block: Shield            |       |     8 |   107 |     9 ||   124
